Rangers vs Penguins

Created - 25 septembre 2017 at 17:22

Simulating a Pre-Season

Goals
1 2 3 T
Rangers 0 1 1 2
Penguins 0 2 1 3
Shots
1 2 3 T
Rangers 2 11 7 20
Penguins 11 16 10 37

1st period

No Goal

Penalties :
Olli Maatta (PIT) for Tripping (Minor) at 9:29

2nd period

1. Penguins , Nathan MacKinnon 2 (Vladimir Tarasenko 3, Ryan Suter 3) at 12:16 (PP)
2. Rangers , Nick Bonino 1 (Craig Smith 3, Alex Goligoski 4) at 14:04
3. Penguins , David Savard 2 (William Nylander 7, Vladimir Tarasenko 4) at 17:34 (PP)

Penalties :
Michael Del Zotto (NYR) for Hooking (Minor) at 0:51, Justin Falk (NYR) for Elbowing (Minor) at 10:44, Matt Niskanen (NYR) for Interference (Minor) at 16:48, Mark Giordano (PIT) for Interference (Minor) at 18:02

3rd period

4. Penguins , Phil Kessel 5 (Alexander Wennberg 4, Mark Giordano 5) at 2:40 (PP)
5. Rangers , Ondrej Palat 2 (Michael Del Zotto 2) at 17:12

Penalties :
Cedric Paquette (NYR) for Holding (Minor) at 2:24, Alex Goligoski (NYR) for Hooking (Minor) at 12:09

Goalie Stats

Scott Darling (NYR), 34 saves from 37 shots - (0.919), L, 0-3-0, 58:51 minutes
Ben Bishop (PIT), 18 saves from 20 shots - (0.900), W, 5-1-0, 60:00 minutes

Players Stats for Rangers

Player Name              G  A  P  +/- PIM S  H  SB GA TA FO     MP     PP MP  PK MP  
------------------------------------------------------------------------------------
Alex Goligoski           0  1  1   2  2   3  2  3  0  0  0/0    21:39   1:57   2:20 
Benoit Pouliot           0  0  0   0  0   1  0  0  0  0  1/1     7:20   0:00   0:00 
Brandon Pirri            0  0  0   0  0   1  0  0  0  0  8/11    6:50   0:00   0:04 
Cedric Paquette          0  0  0   1  2   1  2  0  0  0  1/3    13:28   0:00   3:12 
Connor McDavid           0  0  0   0  0   4  0  0  0  0  10/22  19:43   2:34   0:00 
Conor Sheary             0  0  0   0  0   1  0  0  0  0  0/1    19:09   2:34   0:00 
Craig Smith              0  1  1   1  0   0  1  0  0  0  1/1    10:17   0:00   0:00 
Dale Weise               0  0  0   0  0   1  0  0  0  0  0/0     6:46   0:00   0:00 
James Neal               0  0  0   0  0   1  2  1  0  0  2/4    19:43   2:34   0:00 
Jamie McGinn             0  0  0   1  0   2  1  0  0  0  0/0    16:42   1:24   0:00 
Justin Falk              0  0  0   0  2   0  3  0  0  0  0/0    13:42   0:49   1:55 
Matt Niskanen            0  0  0   0  2   0  3  0  0  0  0/0    25:47   1:45   3:15 
Michael Del Zotto        0  1  1   2  2   0  1  1  0  0  0/0    21:40   0:47   1:57 
Nick Bonino              1  0  1   1  0   1  0  0  0  0  6/10   13:29   0:00   3:12 
Nick Schultz             0  0  0   0  0   0  0  0  0  0  0/0    14:51   0:00   3:37 
Oliver Ekman-Larsson     0  0  0   0  0   0  2  2  0  0  0/0    22:17   2:38   0:00 
Ondrej Palat             1  0  1   1  0   3  1  0  0  0  1/1    20:02   1:24   3:20 
Phillip Danault          0  0  0   1  0   1  1  0  0  0  17/26  19:58   1:24   3:16 

Players Stats for Penguins

Player Name              G  A  P  +/- PIM S  H  SB GA TA FO     MP     PP MP  PK MP  
------------------------------------------------------------------------------------
Alexander Wennberg       0  1  1   0  0   3  3  0  0  0  8/24   18:34   3:05   0:00 
Christian Dvorak         0  0  0  -1  0   1  0  0  0  0  1/3    14:17   0:00   1:15 
David Savard             1  0  1   0  0   4  3  2  0  0  0/0    18:03   2:29   1:13 
Jacob De La Rose         0  0  0   0  0   1  0  0  0  0  0/1     8:01   0:00   2:43 
Jakub Voracek            0  0  0  -1  0   2  1  0  0  0  0/0    12:18   0:00   0:00 
Johnny Oduya             0  0  0   0  0   1  0  1  0  0  0/0    15:38   0:37   0:16 
Kevin Labanc             0  0  0   0  0   2  0  0  0  0  0/0     5:18   0:00   0:00 
Luke Glendening          0  0  0   0  0   0  2  0  0  0  5/14    8:45   0:00   2:43 
Mark Giordano            0  1  1  -1  2   0  0  1  0  0  0/0    22:43   3:49   1:07 
Nathan MacKinnon         1  0  1  -1  0   5  0  0  0  0  8/21   19:10   3:27   0:02 
Olli Maatta              0  0  0   0  2   1  1  0  0  0  0/0    12:54   0:00   0:00 
Phil Kessel              1  0  1   0  0   3  0  0  0  0  2/2    19:18   3:05   0:00 
Ryan Suter               0  1  1  -1  0   0  1  1  0  0  0/0    24:46   2:43   2:35 
Sebastian Aho            0  0  0   0  0   4  0  0  0  0  1/2    18:34   3:05   0:00 
Tyler Johnson            0  0  0  -1  0   0  0  0  0  0  8/12   13:31   0:00   1:13 
Victor Hedman            0  0  0  -2  0   3  0  3  0  0  0/0    25:54   3:26   2:45 
Vladimir Tarasenko       0  2  2  -1  0   2  2  0  0  0  0/0    19:08   3:27   0:00 
William Nylander         0  1  1  -1  0   5  0  0  0  0  0/1    19:08   3:27   0:00 

3 Stars

1 - David Savard (PIT)
2 - Ondrej Palat (NYR)
3 - Nick Bonino (NYR)

Power Play

Rangers - 0 on 2 Attempt(s) - 0.00%
Penguins - 3 on 5 Attempt(s) - 60.00%

Penalty Kill

Rangers - 2 on 5 Attempt(s) - 40.00% - Score 0 goal in Penalty Kill
Penguins - 2 on 2 Attempt(s) - 100.00% - Score 0 goal in Penalty Kill

Team Stat

Rangers - Hits : 19 - Faceoff Wins : 47 - Blocked Shots : 7 - Penalty Minutes : 10
Penguins - Hits : 13 - Faceoff Wins : 33 - Blocked Shots : 8 - Penalty Minutes : 4

Official

Referees : Jon Mclsaac and Dan O'Halloran
Linesman : Shandor Alphonso and Brian Murphy

Game Notes

David Savard is injured at 10:42 of 3rd period (Strained Right Knee)

% Time on Ice - Rangers

Lines # - Real PCT - Wanted PCT - Time Play
Normal Forward
1 - 34% - 38% - 16:35
2 - 31% - 32% - 15:18
3 - 21% - 20% - 10:17
4 - 14% - 10% - 6:46
Normal Defense
1 - 37% - 36% - 18:08
2 - 36% - 33% - 17:23
3 - 23% - 21% - 11:14
4 - 4% - 10% - 2:11
PP Forward
1 - 65% - 60% - 2:34
2 - 35% - 40% - 1:24
PP Defense
1 - 65% - 60% - 2:34
2 - 35% - 40% - 1:24
PK Forward
1 - 51% - 55% - 3:20
2 - 49% - 45% - 3:12
PK Defense
1 - 55% - 60% - 3:37
2 - 45% - 40% - 2:55
PK3 Forward
1 - 0% - 55%
2 - 0% - 45%
PK3 Defense
1 - 0% - 65%
2 - 0% - 35%
44 Forward
1 - 0% - 51%
2 - 0% - 49%
44 Defense
1 - 0% - 55%
2 - 0% - 45%
Last Minute Offensive  - 0:34
Last Minute Defensive  - 0:00
Total
Forward - 60:00
Defense - 60:00

% Time on Ice - Penguins

Lines # - Real PCT - Wanted PCT - Time Play
Normal Forward
1 - 32% - 32% - 15:41
2 - 32% - 32% - 15:29
3 - 25% - 26% - 12:18
4 - 11% - 10% - 5:18
Normal Defense
1 - 33% - 40% - 16:09
2 - 34% - 40% - 16:49
3 - 26% - 20% - 12:34
4 - 7% - 0% - 3:14
PP Forward
1 - 53% - 60% - 3:27
2 - 47% - 40% - 3:05
PP Defense
1 - 42% - 60% - 2:43
2 - 58% - 40% - 3:49
PK Forward
1 - 69% - 60% - 2:45
2 - 31% - 40% - 1:13
PK Defense
1 - 69% - 60% - 2:45
2 - 31% - 40% - 1:13
PK3 Forward
1 - 0% - 60%
2 - 0% - 40%
PK3 Defense
1 - 0% - 60%
2 - 0% - 40%
44 Forward
1 - 0% - 60%
2 - 0% - 40%
44 Defense
1 - 0% - 60%
2 - 0% - 40%
Last Minute Offensive  - 0:00
Last Minute Defensive  - 0:44
Total
Forward - 60:00
Defense - 60:00

Play by Play

1st period


0:01 of 1st period - Nathan MacKinnon wins face-off versus James Neal in neutral zone.
0:03 of 1st period - Vladimir Tarasenko is hit by Matt Niskanen.
0:09 of 1st period - Shot by William Nylander.
0:09 of 1st period - Shot Misses the Net.
0:14 of 1st period - Nathan MacKinnon is hit by Matt Niskanen and loses puck.
2:07 of 1st period - Tyler Johnson is hit by Alex Goligoski and loses puck.
3:26 of 1st period - Shot by William Nylander.
3:26 of 1st period - Stopped by Scott Darling with a rebound.
3:28 of 1st period - Shot by Nathan MacKinnon.
3:28 of 1st period - Shot Misses the Net.
3:30 of 1st period - Shot by Vladimir Tarasenko.
3:30 of 1st period - Shot Blocked by Michael Del Zotto.
3:32 of 1st period - Shot by Nathan MacKinnon.
3:32 of 1st period - Shot Misses the Net.
3:34 of 1st period - Shot by David Savard.
3:34 of 1st period - Stopped by Scott Darling without a rebound.
3:35 of 1st period - Nick Bonino wins face-off versus Alexander Wennberg in Rangers zone.
4:10 of 1st period - Phil Kessel is hit by Justin Falk and loses puck.
5:26 of 1st period - Shot by William Nylander.
5:26 of 1st period - Stopped by Scott Darling with a rebound.
5:28 of 1st period - Shot by David Savard.
5:28 of 1st period - Stopped by Scott Darling without a rebound.
5:29 of 1st period - Connor McDavid wins face-off versus Jacob De La Rose in Rangers zone.
5:40 of 1st period - Shot by Connor McDavid.
5:40 of 1st period - Shot Blocked by David Savard.
5:59 of 1st period - Shot by Luke Glendening.
5:59 of 1st period - Shot Misses the Net.
6:19 of 1st period - Shot by Nathan MacKinnon.
6:19 of 1st period - Shot Blocked by Alex Goligoski.
6:25 of 1st period - Shot by Victor Hedman.
6:25 of 1st period - Stopped by Scott Darling without a rebound.
6:26 of 1st period - Benoit Pouliot wins face-off versus Sebastian Aho in Rangers zone.
6:35 of 1st period - Shot by Brandon Pirri.
6:35 of 1st period - Shot Misses the Net.
6:59 of 1st period - Shot by Sebastian Aho.
6:59 of 1st period - Stopped by Scott Darling without a rebound.
7:00 of 1st period - Phillip Danault wins face-off versus Tyler Johnson in Rangers zone.
7:05 of 1st period - Jakub Voracek is hit by Ondrej Palat and loses puck.
7:23 of 1st period - Icing by Victor Hedman.
7:24 of 1st period - Tyler Johnson wins face-off versus Nick Bonino in Penguins zone.
8:16 of 1st period - Nathan MacKinnon is hit by Michael Del Zotto and loses puck.
8:28 of 1st period - Icing by Cedric Paquette.
8:29 of 1st period - Alexander Wennberg wins face-off versus Nick Bonino in Rangers zone.
9:29 of 1st period - Minor Penalty to Olli Maatta for Tripping.
9:30 of 1st period - Luke Glendening wins face-off versus Connor McDavid in Penguins zone.
10:08 of 1st period - Icing by Conor Sheary.
10:09 of 1st period - Connor McDavid wins face-off versus Christian Dvorak in Rangers zone.
11:39 of 1st period - Benoit Pouliot is hit by Olli Maatta and loses puck.
11:46 of 1st period - Shot by Nathan MacKinnon.
11:46 of 1st period - Shot Misses the Net.
11:48 of 1st period - Shot by Vladimir Tarasenko.
11:48 of 1st period - Deflect By William Nylander.
11:48 of 1st period - Stopped by Scott Darling without a rebound.
11:49 of 1st period - Phillip Danault wins face-off versus Alexander Wennberg in Rangers zone.
12:54 of 1st period - Brandon Pirri is hit by David Savard and loses puck.
13:04 of 1st period - Brandon Pirri is hit by David Savard and loses puck.
13:35 of 1st period - Shot by Tyler Johnson.
13:35 of 1st period - Shot Blocked by Alex Goligoski.
13:53 of 1st period - Shot by Craig Smith.
13:53 of 1st period - Shot Misses the Net.
13:55 of 1st period - Shot by Alex Goligoski.
13:55 of 1st period - Stopped by Ben Bishop with a rebound.
13:57 of 1st period - Shot by Cedric Paquette.
13:57 of 1st period - Stopped by Ben Bishop without a rebound.
13:58 of 1st period - Connor McDavid wins face-off versus Luke Glendening in Penguins zone.
14:50 of 1st period - Icing by Alex Goligoski.
14:51 of 1st period - Connor McDavid wins face-off versus Nathan MacKinnon in Rangers zone.
15:18 of 1st period - Shot by Vladimir Tarasenko.
15:18 of 1st period - Stopped by Scott Darling without a rebound.
15:19 of 1st period - Tyler Johnson wins face-off versus Phillip Danault in Rangers zone.
15:46 of 1st period - Shot by Jakub Voracek.
15:46 of 1st period - Shot Blocked by Oliver Ekman-Larsson.
17:20 of 1st period - Shot by Nathan MacKinnon.
17:20 of 1st period - Shot Misses the Net.
17:24 of 1st period - Shot by Nathan MacKinnon.
17:24 of 1st period - Stopped by Scott Darling without a rebound.
17:25 of 1st period - Luke Glendening wins face-off versus Connor McDavid in Rangers zone.
17:26 of 1st period - Shot by Jacob De La Rose.
17:26 of 1st period - Stopped by Scott Darling without a rebound.
17:27 of 1st period - Connor McDavid wins face-off versus Tyler Johnson in Rangers zone.
17:39 of 1st period - Shot by Tyler Johnson.
17:39 of 1st period - Shot Misses the Net.
17:47 of 1st period - Shot by Christian Dvorak.
17:47 of 1st period - Deflect By Jakub Voracek.
17:47 of 1st period - Stopped by Scott Darling without a rebound.
17:48 of 1st period - Phillip Danault wins face-off versus Nathan MacKinnon in Rangers zone.
Goals for this period are 0 for Rangers vs 0 for Penguins.
Shots for this period are 2 for Rangers vs 11 for Penguins.

2nd period


0:01 of 2nd period - Nathan MacKinnon wins face-off versus Conor Sheary in neutral zone.
0:14 of 2nd period - Off-side.
0:15 of 2nd period - Phillip Danault wins face-off versus Tyler Johnson in neutral zone.
0:20 of 2nd period - Tyler Johnson is hit by Phillip Danault and loses puck.
0:38 of 2nd period - Shot by Phillip Danault.
0:38 of 2nd period - Shot Blocked by Victor Hedman.
0:51 of 2nd period - Minor Penalty to Michael Del Zotto for Hooking.
0:52 of 2nd period - Nick Bonino wins face-off versus Nathan MacKinnon in Rangers zone.
1:11 of 2nd period - Shot by Vladimir Tarasenko.
1:11 of 2nd period - Stopped by Scott Darling without a rebound.
1:12 of 2nd period - Alexander Wennberg wins face-off versus Nick Bonino in Rangers zone.
1:47 of 2nd period - Off-side.
1:48 of 2nd period - Phillip Danault wins face-off versus Nathan MacKinnon in neutral zone.
2:30 of 2nd period - Shot by Nick Bonino.
2:30 of 2nd period - Shot Misses the Net.
2:59 of 2nd period - Shot by Connor McDavid.
2:59 of 2nd period - Shot Misses the Net.
3:11 of 2nd period - Shot by Connor McDavid.
3:11 of 2nd period - Stopped by Ben Bishop without a rebound.
3:12 of 2nd period - Brandon Pirri wins face-off versus Alexander Wennberg in Penguins zone.
3:15 of 2nd period - Shot by Alex Goligoski.
3:15 of 2nd period - Stopped by Ben Bishop without a rebound.
3:16 of 2nd period - Brandon Pirri wins face-off versus Alexander Wennberg in Penguins zone.
3:19 of 2nd period - Shot by Dale Weise.
3:19 of 2nd period - Stopped by Ben Bishop without a rebound.
3:20 of 2nd period - Alexander Wennberg wins face-off versus Connor McDavid in Penguins zone.
3:50 of 2nd period - Shot by Sebastian Aho.
3:50 of 2nd period - Shot Misses the Net.
4:41 of 2nd period - Shot by Ondrej Palat.
4:41 of 2nd period - Stopped by Ben Bishop without a rebound.
4:42 of 2nd period - Christian Dvorak wins face-off versus Cedric Paquette in Penguins zone.
4:47 of 2nd period - Shot by Jakub Voracek.
4:47 of 2nd period - Shot Misses the Net.
4:53 of 2nd period - Shot by Jakub Voracek.
4:53 of 2nd period - Stopped by Scott Darling without a rebound.
4:54 of 2nd period - Brandon Pirri wins face-off versus Nathan MacKinnon in Rangers zone.
4:54 of 2nd period - Alex Goligoski is hit by Vladimir Tarasenko.
6:00 of 2nd period - Jakub Voracek is hit by Jamie McGinn.
6:09 of 2nd period - Phillip Danault is hit by Ryan Suter and loses puck.
7:29 of 2nd period - Nick Schultz is hit by Alexander Wennberg and loses puck.
7:52 of 2nd period - Luke Glendening is hit by Cedric Paquette and loses puck.
7:57 of 2nd period - Shot by Alex Goligoski.
7:57 of 2nd period - Stopped by Ben Bishop without a rebound.
7:58 of 2nd period - Brandon Pirri wins face-off versus Nathan MacKinnon in Penguins zone.
7:59 of 2nd period - Shot by Alex Goligoski.
7:59 of 2nd period - Shot Blocked by Ryan Suter.
8:27 of 2nd period - Shot by William Nylander.
8:27 of 2nd period - Stopped by Scott Darling without a rebound.
8:28 of 2nd period - Nick Bonino wins face-off versus Tyler Johnson in Rangers zone.
8:42 of 2nd period - Christian Dvorak is hit by Matt Niskanen and loses puck.
8:53 of 2nd period - Shot by Tyler Johnson.
8:53 of 2nd period - Shot Misses the Net.
8:58 of 2nd period - Icing by Oliver Ekman-Larsson.
8:59 of 2nd period - Cedric Paquette wins face-off versus Luke Glendening in Rangers zone.
8:59 of 2nd period - Cedric Paquette is hit by Luke Glendening.
9:12 of 2nd period - Shot by Kevin Labanc.
9:12 of 2nd period - Shot Misses the Net.
9:14 of 2nd period - Shot by Victor Hedman.
9:14 of 2nd period - Stopped by Scott Darling without a rebound.
9:15 of 2nd period - Nathan MacKinnon wins face-off versus Connor McDavid in Rangers zone.
9:24 of 2nd period - Shot by Vladimir Tarasenko.
9:24 of 2nd period - Shot Blocked by James Neal.
9:26 of 2nd period - Shot by Johnny Oduya.
9:26 of 2nd period - Shot Misses the Net.
9:28 of 2nd period - Shot by Johnny Oduya.
9:28 of 2nd period - Shot Misses the Net.
10:13 of 2nd period - Alexander Wennberg is hit by Justin Falk and loses puck.
10:19 of 2nd period - Icing by Phillip Danault.
10:20 of 2nd period - Tyler Johnson wins face-off versus Phillip Danault in Rangers zone.
10:28 of 2nd period - Tyler Johnson is hit by Justin Falk and loses puck.
10:44 of 2nd period - Minor Penalty to Justin Falk for Elbowing.
10:45 of 2nd period - Alexander Wennberg wins face-off versus Nick Bonino in Rangers zone.
11:08 of 2nd period - Shot by Alexander Wennberg.
11:08 of 2nd period - Stopped by Scott Darling without a rebound.
11:09 of 2nd period - Phillip Danault wins face-off versus William Nylander in Rangers zone.
11:32 of 2nd period - Shot by Nathan MacKinnon.
11:32 of 2nd period - Stopped by Scott Darling without a rebound.
11:33 of 2nd period - Ondrej Palat wins face-off versus Alexander Wennberg in Rangers zone.
11:58 of 2nd period - Shot by Sebastian Aho.
11:58 of 2nd period - Stopped by Scott Darling without a rebound.
11:59 of 2nd period - Phillip Danault wins face-off versus Nathan MacKinnon in Rangers zone.
12:14 of 2nd period - Shot by Nathan MacKinnon.
12:14 of 2nd period - Stopped by Scott Darling with a rebound.
12:16 of 2nd period - Shot by Nathan MacKinnon.
12:16 of 2nd period - Goal by Nathan MacKinnon - Rangers : 0 - Penguins : 1.
12:17 of 2nd period - Tyler Johnson wins face-off versus Connor McDavid in neutral zone.
12:23 of 2nd period - Mark Giordano is hit by James Neal and loses puck.
13:17 of 2nd period - Off-side.
13:18 of 2nd period - Nathan MacKinnon wins face-off versus Phillip Danault in neutral zone.
13:30 of 2nd period - Icing by Ryan Suter.
13:31 of 2nd period - Nick Bonino wins face-off versus Nathan MacKinnon in Penguins zone.
14:04 of 2nd period - Shot by Nick Bonino.
14:04 of 2nd period - Goal by Nick Bonino - Rangers : 1 - Penguins : 1.
14:05 of 2nd period - Phillip Danault wins face-off versus Alexander Wennberg in neutral zone.
14:33 of 2nd period - Shot by Phil Kessel.
14:33 of 2nd period - Shot Hit the Post.
14:35 of 2nd period - Shot by Sebastian Aho.
14:35 of 2nd period - Shot Misses the Net.
14:37 of 2nd period - Shot by Sebastian Aho.
14:37 of 2nd period - Stopped by Scott Darling without a rebound.
14:38 of 2nd period - James Neal wins face-off versus Luke Glendening in Rangers zone.
14:51 of 2nd period - Shot by James Neal.
14:51 of 2nd period - Stopped by Ben Bishop with a rebound.
16:29 of 2nd period - Shot by Phillip Danault.
16:29 of 2nd period - Shot Blocked by Johnny Oduya.
16:39 of 2nd period - Icing by Phillip Danault.
16:40 of 2nd period - Phillip Danault wins face-off versus Alexander Wennberg in Rangers zone.
16:48 of 2nd period - Minor Penalty to Matt Niskanen for Interference.
16:49 of 2nd period - Alexander Wennberg wins face-off versus Phillip Danault in Rangers zone.
16:52 of 2nd period - Shot by Alexander Wennberg.
16:52 of 2nd period - Deflect By Phil Kessel.
16:52 of 2nd period - Stopped by Scott Darling without a rebound.
16:53 of 2nd period - Phillip Danault wins face-off versus Alexander Wennberg in Rangers zone.
16:53 of 2nd period - Phillip Danault is hit by Alexander Wennberg.
17:02 of 2nd period - Shot by Victor Hedman.
17:02 of 2nd period - Stopped by Scott Darling without a rebound.
17:03 of 2nd period - Nick Bonino wins face-off versus Alexander Wennberg in Rangers zone.
17:26 of 2nd period - Shot by Sebastian Aho.
17:26 of 2nd period - Stopped by Scott Darling without a rebound.
17:27 of 2nd period - Nathan MacKinnon wins face-off versus Cedric Paquette in Rangers zone.
17:32 of 2nd period - Shot by William Nylander.
17:32 of 2nd period - Stopped by Scott Darling with a rebound.
17:34 of 2nd period - Shot by David Savard.
17:34 of 2nd period - Goal by David Savard - Rangers : 1 - Penguins : 2.
17:35 of 2nd period - Tyler Johnson wins face-off versus Connor McDavid in neutral zone.
17:37 of 2nd period - Off-side.
17:38 of 2nd period - Alexander Wennberg wins face-off versus Connor McDavid in neutral zone.
17:43 of 2nd period - Shot by Phil Kessel.
17:43 of 2nd period - Stopped by Scott Darling without a rebound.
17:44 of 2nd period - Connor McDavid wins face-off versus Alexander Wennberg in Rangers zone.
17:56 of 2nd period - Connor McDavid is hit by David Savard and loses puck.
18:01 of 2nd period - Shot by Connor McDavid.
18:01 of 2nd period - Deflect By Conor Sheary.
18:01 of 2nd period - Shot Misses the Net.
18:02 of 2nd period - Minor Penalty to Mark Giordano for Interference.
18:03 of 2nd period - Phillip Danault wins face-off versus Luke Glendening in Penguins zone.
18:10 of 2nd period - Shot by Phillip Danault.
18:10 of 2nd period - Stopped by Ben Bishop without a rebound.
18:11 of 2nd period - Connor McDavid wins face-off versus Luke Glendening in Penguins zone.
18:23 of 2nd period - Icing by Matt Niskanen.
18:24 of 2nd period - Luke Glendening wins face-off versus Connor McDavid in Rangers zone.
18:24 of 2nd period - Victor Hedman is hit by Oliver Ekman-Larsson and loses puck.
18:35 of 2nd period - Shot by Conor Sheary.
18:35 of 2nd period - Stopped by Ben Bishop without a rebound.
18:36 of 2nd period - Phillip Danault wins face-off versus Luke Glendening in Penguins zone.
18:37 of 2nd period - Shot by Jamie McGinn.
18:37 of 2nd period - Stopped by Ben Bishop without a rebound.
18:38 of 2nd period - Connor McDavid wins face-off versus Luke Glendening in Penguins zone.
18:46 of 2nd period - Icing by Matt Niskanen.
18:47 of 2nd period - Connor McDavid wins face-off versus Luke Glendening in Rangers zone.
19:20 of 2nd period - Shot by Matt Niskanen.
19:20 of 2nd period - Shot Misses the Net.
19:22 of 2nd period - Shot by Connor McDavid.
19:22 of 2nd period - Stopped by Ben Bishop without a rebound.
19:23 of 2nd period - Phillip Danault wins face-off versus Christian Dvorak in Penguins zone.
Goals for this period are 1 for Rangers vs 2 for Penguins.
Shots for this period are 11 for Rangers vs 16 for Penguins.

3rd period


0:01 of 3rd period - Luke Glendening wins face-off versus Connor McDavid in neutral zone.
0:21 of 3rd period - Phil Kessel is hit by Alex Goligoski and loses puck.
1:08 of 3rd period - Matt Niskanen is hit by Vladimir Tarasenko and loses puck.
1:59 of 3rd period - Ryan Suter is hit by Craig Smith and loses puck.
2:24 of 3rd period - Minor Penalty to Cedric Paquette for Holding.
2:25 of 3rd period - Phil Kessel wins face-off versus Phillip Danault in Rangers zone.
2:40 of 3rd period - Shot by Phil Kessel.
2:40 of 3rd period - Goal by Phil Kessel - Rangers : 1 - Penguins : 3.
2:41 of 3rd period - Tyler Johnson wins face-off versus Brandon Pirri in neutral zone.
2:52 of 3rd period - Shot by Christian Dvorak.
2:52 of 3rd period - Stopped by Scott Darling with a rebound.
2:54 of 3rd period - Shot by Olli Maatta.
2:54 of 3rd period - Stopped by Scott Darling without a rebound.
2:55 of 3rd period - Sebastian Aho wins face-off versus Phillip Danault in Rangers zone.
3:26 of 3rd period - Shot by Sebastian Aho.
3:26 of 3rd period - Shot Blocked by Alex Goligoski.
3:28 of 3rd period - Shot by David Savard.
3:28 of 3rd period - Stopped by Scott Darling with a rebound.
3:50 of 3rd period - Shot by Jakub Voracek.
3:50 of 3rd period - Shot Misses the Net.
4:43 of 3rd period - Shot by Connor McDavid.
4:43 of 3rd period - Stopped by Ben Bishop with a rebound.
4:45 of 3rd period - Shot by Connor McDavid.
4:45 of 3rd period - Stopped by Ben Bishop without a rebound.
4:46 of 3rd period - Nick Bonino wins face-off versus Luke Glendening in Penguins zone.
5:18 of 3rd period - Shot by Kevin Labanc.
5:18 of 3rd period - Stopped by Scott Darling without a rebound.
5:19 of 3rd period - Phil Kessel wins face-off versus Connor McDavid in Rangers zone.
5:26 of 3rd period - Conor Sheary is hit by Alexander Wennberg and loses puck.
5:35 of 3rd period - Shot by Phil Kessel.
5:35 of 3rd period - Shot Misses the Net.
5:37 of 3rd period - Shot by Alexander Wennberg.
5:37 of 3rd period - Stopped by Scott Darling without a rebound.
5:38 of 3rd period - Brandon Pirri wins face-off versus Nathan MacKinnon in Rangers zone.
5:40 of 3rd period - Icing by Dale Weise.
5:41 of 3rd period - Nathan MacKinnon wins face-off versus Brandon Pirri in Rangers zone.
6:54 of 3rd period - Victor Hedman is hit by James Neal.
7:34 of 3rd period - Shot by Jakub Voracek.
7:34 of 3rd period - Shot Hit the Post.
7:36 of 3rd period - Shot by Olli Maatta.
7:36 of 3rd period - Shot Misses the Net.
8:49 of 3rd period - Michael Del Zotto is hit by Luke Glendening and loses puck.
9:26 of 3rd period - Victor Hedman is hit by Cedric Paquette and loses puck.
9:38 of 3rd period - William Nylander is hit by Oliver Ekman-Larsson and loses puck.
10:14 of 3rd period - Shot by Alexander Wennberg.
10:14 of 3rd period - Stopped by Scott Darling with a rebound.
10:16 of 3rd period - Shot by Johnny Oduya.
10:16 of 3rd period - Stopped by Scott Darling without a rebound.
10:17 of 3rd period - Tyler Johnson wins face-off versus Brandon Pirri in Rangers zone.
10:42 of 3rd period - Shot by Benoit Pouliot.
10:42 of 3rd period - Shot Blocked by David Savard.
10:42 of 3rd period - David Savard from Penguins is injured at 10:42 of 3rd period (Strained Right Knee).
10:43 of 3rd period - Luke Glendening wins face-off versus Phillip Danault in Penguins zone.
10:56 of 3rd period - Shot by Kevin Labanc.
10:56 of 3rd period - Stopped by Scott Darling without a rebound.
10:57 of 3rd period - Brandon Pirri wins face-off versus Alexander Wennberg in Rangers zone.
10:59 of 3rd period - Icing by Alex Goligoski.
11:00 of 3rd period - Brandon Pirri wins face-off versus Alexander Wennberg in Rangers zone.
11:11 of 3rd period - Shot by Brandon Pirri.
11:11 of 3rd period - Stopped by Ben Bishop without a rebound.
11:12 of 3rd period - Phillip Danault wins face-off versus Nathan MacKinnon in Penguins zone.
11:37 of 3rd period - Shot by Ondrej Palat.
11:37 of 3rd period - Deflect By Jamie McGinn.
11:37 of 3rd period - Stopped by Ben Bishop without a rebound.
11:38 of 3rd period - Connor McDavid wins face-off versus Alexander Wennberg in Penguins zone.
11:49 of 3rd period - Shot by Conor Sheary.
11:49 of 3rd period - Deflect By James Neal.
11:49 of 3rd period - Shot Blocked by Victor Hedman.
12:04 of 3rd period - Icing by Michael Del Zotto.
12:05 of 3rd period - Nathan MacKinnon wins face-off versus Connor McDavid in Rangers zone.
12:09 of 3rd period - Minor Penalty to Alex Goligoski for Hooking.
12:10 of 3rd period - Phillip Danault wins face-off versus Nathan MacKinnon in Rangers zone.
14:29 of 3rd period - Alex Goligoski is hit by Jakub Voracek and loses puck.
15:01 of 3rd period - Off-side.
15:02 of 3rd period - Alexander Wennberg wins face-off versus Phillip Danault in neutral zone.
15:04 of 3rd period - Off-side.
15:05 of 3rd period - Phillip Danault wins face-off versus Alexander Wennberg in neutral zone.
15:21 of 3rd period - Icing by Ryan Suter.
15:22 of 3rd period - Brandon Pirri wins face-off versus Alexander Wennberg in Penguins zone.
15:25 of 3rd period - Shot by Benoit Pouliot.
15:25 of 3rd period - Stopped by Ben Bishop with a rebound.
15:27 of 3rd period - Shot by Dale Weise.
15:27 of 3rd period - Shot Misses the Net.
15:44 of 3rd period - Icing by Ryan Suter.
15:45 of 3rd period - Alexander Wennberg wins face-off versus James Neal in Penguins zone.
15:50 of 3rd period - Shot by Sebastian Aho.
15:50 of 3rd period - Shot Misses the Net.
16:31 of 3rd period - Icing by Victor Hedman.
16:32 of 3rd period - Phillip Danault wins face-off versus Nathan MacKinnon in Penguins zone.
16:35 of 3rd period - Shot by Ondrej Palat.
16:35 of 3rd period - Stopped by Ben Bishop without a rebound.
16:36 of 3rd period - Tyler Johnson wins face-off versus Phillip Danault in Penguins zone.
17:08 of 3rd period - Shot by Ondrej Palat.
17:08 of 3rd period - Shot Misses the Net.
17:10 of 3rd period - Shot by Michael Del Zotto.
17:10 of 3rd period - Shot Blocked by Victor Hedman.
17:12 of 3rd period - Shot by Ondrej Palat.
17:12 of 3rd period - Goal by Ondrej Palat - Rangers : 2 - Penguins : 3.
17:13 of 3rd period - Craig Smith wins face-off versus Nathan MacKinnon in neutral zone.
17:30 of 3rd period - Shot by Nathan MacKinnon.
17:30 of 3rd period - Stopped by Scott Darling without a rebound.
17:31 of 3rd period - James Neal wins face-off versus Alexander Wennberg in Rangers zone.
18:09 of 3rd period - Shot by Sebastian Aho.
18:09 of 3rd period - Shot Blocked by Oliver Ekman-Larsson.
18:14 of 3rd period - Icing by Connor McDavid.
18:15 of 3rd period - Nathan MacKinnon wins face-off versus Connor McDavid in Rangers zone.
18:51 of 3rd period - Rangers, Scott Darling is pulled from the net.
19:46 of 3rd period - Shot by Matt Niskanen.
19:46 of 3rd period - Shot Misses the Net.
19:54 of 3rd period - Shot by Connor McDavid.
19:54 of 3rd period - Shot Misses the Net.
19:56 of 3rd period - Shot by Benoit Pouliot.
19:56 of 3rd period - Deflect By Connor McDavid.
19:56 of 3rd period - Shot Misses the Net.
19:58 of 3rd period - Shot by Oliver Ekman-Larsson.
19:58 of 3rd period - Shot Blocked by Mark Giordano.
Goals for this period are 1 for Rangers vs 1 for Penguins.
Shots for this period are 7 for Rangers vs 10 for Penguins.